Map: Rifts to Korhal

Players

NamroodTuo

  • Race: Zerg Zerg

goel

  • Race: Terran Terran

VOD

Have the link to the VOD?

Description

Time

  • Played on: Feb. 23, 2023, 6:06 a.m.
  • Length: 25:54
Show
View Real Time Build Order
Export as new Build Order

NamroodTuo Zerg 

Build Orders:  

Get SALT Encoding   

  12  0:04  Infested SCV  
  13  0:12  Infested SCV  
  14  0:25  Overlord  
  14  0:32  Infested SCV  
  15  0:50  Infested Barracks  
  15  0:56  Infested SCV  
  16  1:05  Infested SCV  
  17  1:14  Infested SCV  
  17  1:18  Infested Refinery  
  18  1:21  Infested SCV  
  19  1:39  Overlord  
  19  1:57  Infested SCV  
  20  2:11  Infested Barracks  
  20  2:25  Infested SCV  
  20  2:28  Infested SCV  
  22  2:40  Infested Engineering Bay  
  22  2:43  Infested Refinery  
  22  2:45  Infested Marine  
  22  2:46  Infested Marine x8  
  27  3:13  Infested Barracks Tech Lab  
  27  3:18  Infested SCV x2  
  27  3:19  Infested SCV  
  30  3:30  Overlord  
  30  3:40  Regenerative Plating  
  30  3:53  Infested Marine  
  30  3:57  Overlord  
  31  4:11  Infested SCV  
  31  4:18  Overlord  
  32  4:28  Retinal Augmentation  
  27  4:34  Infested SCV  
  27  4:36  Unknown  
  28  4:40  Stukov Infantry Weapons Level 1  
  28  4:46  Infested Marine  
  28  4:47  Infested Marine x19  
  28  4:48  Infested Marine x4  
  52  5:02  Infested SCV  
  52  5:09  Infested SCV  
  53  5:36  Overlord  
  53  5:37  Overlord  
  53  5:47  Infested Marine  
  53  5:48  Infested Marine  
  55  6:09  Infested Command Center  
  55  6:13  Infested SCV  
  55  6:14  Infested SCV  
  55  6:18  Plagued Munitions  
  33  6:56  Infested Bunker  
  37  7:27  Infested Bunker  
  39  7:35  Stukov Infantry Armor Level 1  
  39  7:38  Infested SCV  
  40  7:51  Infested Factory  
  40  8:14  Infested Barracks  
  40  8:24  Infested Marine x3  
  40  8:25  Infested Marine x4  
  40  8:26  Infested Marine  
  40  8:27  Overlord  
  48  8:36  Infested SCV  
  48  8:38  Infested SCV x2  
  48  8:39  Infested SCV  
  52  8:51  Infested Marine  
  52  8:52  Infested Marine x12  
  52  8:53  Infested Marine  
  64  9:49  Infested Marine x4  
  67  9:50  Infested Marine x21  
  67  9:51  Infested Marine x6  
  86  10:20  Infested SCV x4  
  86  10:21  Infested SCV  
  80  10:30  Overlord x3  
  80  10:31  Overlord x2  
  80  10:36  Stukov Infantry Weapons Level 2  
  80  10:53  Infested Armory  
  80  10:54  Infested SCV x2  
  80  10:59  Infested Refinery  
  82  11:29  Infested Marine x5  
  56  11:30  Infested Marine x19  
  75  11:54  Infested Marine  
  75  11:55  Infested Marine x7  
  83  12:02  Infested Marine x2  
  83  12:03  Infested Marine x20  
  83  12:04  Infested Marine x18  
  123  12:10  Infested SCV x2  
  123  12:11  Infested SCV x2  
  123  12:13  Infested SCV  
  128  12:22  Overlord x3  
  94  12:42  Infested Marine  
  94  12:43  Infested Marine x6  
  94  12:48  Infested Marine  
  94  12:49  Infested Marine x15  
  117  13:04  Infested Barracks  
  103  13:15  Infested Barracks  
  103  13:30  Infested Marine  
  103  13:31  Infested Marine x5  
  85  13:46  Stukov Infantry Armor Level 2  
  89  13:50  Infested SCV x3  
  89  13:51  Infested SCV x2  
  89  13:52  Aggressive Incubation  
  89  13:56  Overlord x2  
  89  13:57  Overlord  
  94  14:02  Overlord  
  94  14:08  Infested Bunker  
  94  14:09  Infested Marine  
  95  14:10  Infested Marine x11  
  95  14:11  Infested Marine x2  
  95  14:12  Infested Marine x2  
  95  14:13  Infested Marine  
  104  14:20  Infested Marine  
  104  14:21  Infested Marine x10  
  93  14:36  Infested Marine x2  
  93  14:37  Infested Marine x21  
  93  14:38  Infested Marine x2  
  118  14:48  Infested SCV x2  
  118  14:49  Infested SCV  
  121  15:09  Infested Factory  
  121  15:25  Infested Factory  
  121  15:33  Infested Factory Tech Lab  
  121  15:39  Stukov Vehicle and Ship Weapons Level 1  
  121  15:46  Overlord x3  
  121  15:47  Infested SCV  
  121  15:48  Infested SCV  
  106  15:58  Infested Refinery  
  95  16:11  Infested Factory Tech Lab  
  70  16:34  Infested Factory Tech Lab  
  70  16:56  Calcified Armor  
  70  17:10  Infested Marine  
  70  17:11  Infested Marine x12  
  70  17:15  Infested Marine  
  70  17:16  Infested Marine x18  
  70  17:17  Infested Marine x21  
  70  17:18  Infested Marine x20  
  143  17:36  Infested Marine  
  143  17:37  Infested Marine x17  
  143  17:38  Infested Marine x21  
  143  17:39  Infested Marine x5  
  143  17:56  Stukov Infantry Weapons Level 3  
  138  18:15  Infested Marine x9  
  138  18:16  Infested Marine x21  
  138  18:17  Infested Marine x3  
  138  18:19  Stukov Vehicle and Ship Armor Level 1  
  171  18:26  Infested Siege Tank  
  171  18:27  Infested Siege Tank x4  
  171  18:28  Infested Siege Tank x4  
  174  19:01  Infested Marine  
  174  19:02  Infested Marine x7  
  174  19:03  Infested Marine x5  
  174  19:04  Infested Siege Tank  
  174  19:05  Infested Siege Tank x3  
  137  19:53  Infested Marine x2  
  137  19:54  Infested Marine x21  
  137  19:55  Infested Marine x11  
  135  20:04  Infested Marine  
  135  20:05  Infested Marine x7  
  135  20:06  Infested Marine x21  
  135  20:07  Infested Marine x21  
  135  20:08  Infested Marine x9  
  191  20:19  Infested Siege Tank  
  194  20:20  Infested Siege Tank x2  
  190  20:59  Stukov Vehicle and Ship Weapons Level 2  
  190  21:07  Infested Marine  
  190  21:08  Infested Marine x10  
  180  21:36  Stukov Infantry Armor Level 3  
  108  21:56  Infested Siege Tank x3  
  108  21:57  Infested Siege Tank x4  
  108  21:58  Infested Siege Tank x4  
  145  22:34  Infested Bunker  
  134  23:18  Infested Marine  
  134  23:19  Infested Marine x14  
  149  23:20  Infested Marine x21  
  149  23:21  Infested Marine x21  
  149  23:22  Infested Marine x9  
  134  25:15  Infested Marine x6  
  134  25:16  Infested Marine x22  
  134  25:17  Infested Marine x21  
  134  25:18  Infested Marine x17  
Show
View Real Time Build Order
Export as new Build Order

goel Terran 

Build Orders:  

Get SALT Encoding   

  12  0:49  SCV  
  13  1:06  SCV  
  14  1:18  Refinery  
  14  1:22  Refinery  
  14  1:23  SCV  
  15  1:40  SCV, Gunslingers Hideout  
  16  1:57  SCV  
  17  2:14  SCV, Muscle Armory  
  18  2:30  SCV  
  19  3:01  Tychus  
  19  3:13  Fixers Safehouse  
  19  3:24  SCV  
  20  3:41  SCV  
  20  3:48  Engineering Bay  
  21  4:25  Engineering Bay  
  21  4:31  SCV  
  22  4:48  SCV  
  23  4:51  James Sirius Sykes  
  33  5:02  Engineering Bay  
  33  5:20  SCV  
  34  5:37  SCV  
  35  5:54  SCV  
  36  6:11  SCV  
  37  6:27  SCV  
  38  6:34  Endurance Supplements, ITC-E Triggers  
  38  6:35  Flashforce GDM Visor  
  38  6:46  Command Center  
  38  6:47  SCV  
  39  7:03  SCV  
  40  7:20  SCV  
  41  7:37  SCV  
  42  7:54  SCV  
  43  8:04  Outlaw Weapons Level 1, Outlaw Life and Armor Level 1  
  43  8:05  Big Red Button  
  43  8:17  Crooked Sam  
  43  8:18  SCV  
  54  8:30  Refinery  
  54  8:35  SCV  
  55  8:52  SCV  
  56  9:06  Refinery  
  56  9:09  SCV x2  
  58  9:26  SCV x2  
  60  9:42  SCV  
  61  10:13  Outlaw Life and Armor Level 2, Outlaw Weapons Level 2  
  61  10:17  SCV  
  62  10:21  SCV  
  63  10:34  SCV  
  63  10:38  SCV  
  65  10:42  Kel-Morian Ripper Rounds, Vanadium Shell  
  65  10:51  SCV  
  66  11:08  SCV  
  67  11:25  SCV  
  68  11:33  Nux  
  78  12:39  Outlaw Life and Armor Level 3, Outlaw Weapons Level 3  
  78  12:48  SCV  
  79  13:05  SCV  
  80  13:22  SCV  
  81  14:15  SA-55 Thunderbolt Missiles  
  81  14:16  Moebius M34 Terror Rounds  
  81  14:17  Moebius Restraint Matrix, LarsCorp G7 Charges  
  81  15:15  Kev Rattlesnake West  
  91  15:31  Outlaw Weapons Level 4, Outlaw Life and Armor Level 4  
  91  17:53  Umojan Signal Modulator  
  91  17:54  Moebius Aggression Blend  
  91  17:56  T4 Cloudburst Shells  
  91  17:57  Ultrasonic Boosters  
  91  18:46  Outlaw Weapons Level 5  
  91  18:47  Outlaw Life and Armor Level 5  
  91  19:48  N3 Networking, Crystalline Amplifiers  
  91  21:37  D99 Detonator  
  91  21:38  Umojan Turret Frame  
  91  21:42  KD9a Implosion Core  
  91  21:54  SureShot Networked Helmet  
  91  23:08  Hammer Munitions, Secret Stash Stimpack  
Tags
 
Commander
StukovTychus
Matchup
Co-op
Replay Pack
Multiplayer
Add a new tag
Caveats
  • Supply blocks, unpowered buildings, or Contaminate may cause inaccurate times.
  • Supply counts are checked every 10 seconds.